 Dungeon Crawl Stone Soup version 0.29.0-4-gdea44cf6ec (webtiles) character file.

Game seed: 6996288057944642971

262 qw the Chopper (level 6, -4/35 HPs)
             Began as a Tengu Warper on Aug 29, 2022.
             Slain by a gnoll
             ... wielding a +0 flail
              (6 damage)
             ... on level 3 of the Dungeon.
             The game lasted 00:01:05 (3519 turns).

qw the Chopper (Tengu Warper)                       Turns: 3519, Time: 00:01:06

Health: -4/35      AC:  5    Str: 13    XL:     6   Next: 18%
Magic:  10/10      EV: 13    Int: 14    God:
Gold:   223        SH:  0    Dex: 13    Spells: 9/9 levels left

rFire   + . .      SeeInvis +   Y - +0 hand axe
rCold   + . .      Faith    .   (no shield)
rNeg    . . .      Spirit   .   d - +0 ring mail
rPois   .          Reflect  .   (helmet restricted)
rElec   .          Harm     .   (no cloak)
rCorr   .          Rampage  .   (no gloves)
Will    .....                   (boots unavailable)
Stlth   +.........              (no amulet)
HPRegen 0.11/turn               e - ring of protection from cold
MPRegen 0.12/turn               f - ring "Ciukiur" {rF+ SInv}

@: about to teleport, flying quickly and evasively, quick
A: beak, talons 3, nimble flight
a: no special abilities


You were on level 3 of the Dungeon.
You visited 1 branch of the dungeon, and saw 3 of its levels.

You collected 223 gold pieces.


Innate Abilities, Weirdness & Mutations

You have a beak for a mouth.
You have claws for feet.
Your magical nature lets you fly swiftly and evasively.


   Skills:
 - Level 2.0 Fighting
 + Level 6.9 Axes
 - Level 1.0 Throwing
 - Level 1.1 Armour
 - Level 2.1 Dodging
 - Level 2.0 Spellcasting
 - Level 2.4 Translocations


You had 9 spell levels left.
You didn't know any spells.
Your spell library contained the following spells:

 Spells                   Type           Power      Damage    Failure   Level
 Blink                    Tloc           16%        N/A       28%         2
 Gell's Gravitas          Tloc           8%         N/A       50%         3
 Lesser Beckoning         Tloc           8%         N/A       50%         3
 Teleport Other           Tloc           8%         N/A       50%         3
 Manifold Assault         Tloc           8%         N/A       99%         5

Inventory:

Hand Weapons
 c - a +0 mace
 Y - a +0 hand axe (weapon)
Armour
 d - a +0 ring mail (worn)
 m - a +0 scale mail
Jewellery
 e - a ring of protection from cold (left hand)
 f - the ring "Ciukiur" (right hand) {rF+ SInv}
   (You found it on level 2 of the Dungeon)

   [ring of see invisible]

   rF:        It protects you from fire.
   SInv:      It lets you see invisible.
 h - a ring of fire
Scrolls
 a - a scroll of teleportation
 b - a scroll of brand weapon {unknown}
 j - a scroll of enchant armour {unknown}
Potions
 g - a potion of attraction {unknown}
 i - a potion of lignification {unknown}
 k - a potion of flight {unknown}
 l - a potion of resistance {unknown}
 n - 2 potions of might {unknown}

Dungeon Overview and Level Annotations

Branches:
Dungeon (3/15)

Altars:


Message History

You kill the kobold!
You hit the kobold. You claw the kobold.
You kill the kobold!
The gnoll closely misses you.
The orc wizard hits you but does no damage.
Items here: % ( ))).
You closely miss the orc wizard. Your kick misses the orc wizard.
The orc wizard is severely wounded.
You barely miss the orc. You hit the gnoll. The gnoll hits you with a +0 flail!
The orc completely misses you. The orc wizard barely misses you.
You hit the orc wizard but do no damage.
Your kick misses the orc wizard. You peck the orc wizard.
The orc wizard is severely wounded.
You closely miss the gnoll. You hit the orc.
The gnoll hits you with a +0 flail! The orc closely misses you.
The orc wizard misses you.
You hit the orc.
You kill the orc!
You hit the orc wizard but do no damage.
You hit the gnoll. The gnoll barely misses you.
The orc wizard hits you but does no damage.
You hit the orc wizard.
The orc wizard is almost dead.
You closely miss the gnoll. The gnoll barely misses you.
The orc wizard hits you with a +0 dagger.
3517 ||| READING 2 scrolls of teleportation.
As you read the scroll of teleportation, it crumbles to dust.
You feel strangely unstable. The gnoll misses you.
The orc wizard closely misses you.
You hit the orc wizard.
You kill the orc wizard!
You hit the gnoll but do no damage. The gnoll hits you with a +0 flail!
You hit the gnoll. Your peck misses the gnoll.
The gnoll is heavily wounded.
The gnoll hits you with a +0 flail.
You die...

#... ##... #.<..
############....
##...##..........
##.###.#.#####[.##
#.## ##.<#####....
#.# #.........##
#@# ##..########
#.))g###...#
#.#.#...#..#
............# #.#
#.##.##.## ...
...#.##.# #.#
#.#.....# ..
.....##.# #.##
#.########


You could see a gnoll.

Vanquished Creatures
  An ice beast (D:3)
  An orc wizard (D:3)
  A gnoll (D:1)
  6 adders
  A worm (D:3)
  2 dart slugs
  2 orcs (D:3)
  5 ball pythons
  6 bats
  5 endoplasms
  3 giant cockroaches (D:1)
  5 goblins (D:2)
  4 hobgoblins
  18 jackals
  3 quokkas
  6 frilled lizards
  6 kobolds
  2 rats
77 creatures vanquished.

Notes
Turn   | Place    | Note
-------+----------+-------------------------------------------
     0 | D:1      | qw the Tengu Warper began the quest for the Orb.
     0 | D:1      | Reached XP level 1. HP: 12/12 MP: 4/4
     0 | D:1      | 0 ||| qw: Version: 0.1-a-89-g26bdef1
     0 | D:1      | 0 ||| qw: Game counter: 3630
     0 | D:1      | 0 ||| qw: Always use a shield: true
     0 | D:1      | 0 ||| qw: God list: Okawaru
     0 | D:1      | 0 ||| qw: Allow faded altars: false
     0 | D:1      | 0 ||| qw: Do Orc after D:15 true
     0 | D:1      | 0 ||| qw: Do second Lair branch before Depths: true
     0 | D:1      | 0 ||| qw: Lair rune preference: random
     0 | D:1      | 0 ||| qw: Plans: Normal
     0 | D:1      | 0 ||| PLANNING D:1-11
   143 | D:1      | Reached XP level 2. HP: 16/17 MP: 6/6
   257 | D:1      | Reached skill level 3 in Axes
   287 | D:1      | 287 ||| Stepping ~*~*~tactically~*~*~ (hiding).
   307 | D:1      | 307 ||| Stepping ~*~*~tactically~*~*~ (stealth).
   329 | D:1      | 329 ||| Stepping ~*~*~tactically~*~*~ (stealth).
   336 | D:1      | 336 ||| Stepping ~*~*~tactically~*~*~ (stealth).
   485 | D:1      | 485 ||| Stepping ~*~*~tactically~*~*~ (stealth).
   486 | D:1      | 486 ||| Stepping ~*~*~tactically~*~*~ (stealth).
   495 | D:1      | 495 ||| Stepping ~*~*~tactically~*~*~ (stealth).
   499 | D:1      | 499 ||| Stepping ~*~*~tactically~*~*~ (stealth).
   501 | D:1      | Reached XP level 3. HP: 21/21 MP: 7/7
   588 | D:1      | Found a faded altar of an unknown god.
   629 | D:1      | Reached skill level 4 in Axes
   694 | D:1      | 694 ||| Stepping ~*~*~tactically~*~*~ (stealth).
   696 | D:1      | 696 ||| Stepping ~*~*~tactically~*~*~ (stealth).
   698 | D:1      | 698 ||| Stepping ~*~*~tactically~*~*~ (stealth).
   796 | D:1      | 796 ||| Stepping ~*~*~tactically~*~*~ (stealth).
   803 | D:1      | 803 ||| Stepping ~*~*~tactically~*~*~ (stealth).
   813 | D:1      | HP: 3/21 [quokka (4)]
  1128 | D:1      | 1128 ||| Stepping ~*~*~tactically~*~*~ (hiding).
  1230 | D:1      | 1230 ||| Stepping ~*~*~tactically~*~*~ (hiding).
  1332 | D:1      | 1332 ||| Stepping ~*~*~tactically~*~*~ (hiding).
  1609 | D:1      | 1609 ||| UPGRADING to +0 ring mail.
  1619 | D:1      | 1619 ||| DROPPING +0 leather armour.
  1620 | D:1      | 1620 ||| UPGRADING to ring of protection from cold.
  1621 | D:1      | 1621 ||| READING scroll labelled GAMOULUHAG.
  1622 | D:1      | 1622 ||| READING scroll labelled NATZEGH NASO.
  1626 | D:1      | 1626 ||| READING scroll labelled ROIM YSTRUJI.
  1627 | D:1      | 1627 ||| DRINKING 2 fuming golden potions.
  1728 | D:1      | 1728 ||| DROPPING scroll of blinking.
  1729 | D:1      | 1729 ||| DROPPING potion of ambrosia.
  1752 | D:2      | Reached XP level 4. HP: 24/26 MP: 8/8
  1759 | D:2      | 1759 ||| STAIRDANCE
  1779 | D:2      | 1779 ||| STAIRDANCE
  1828 | D:2      | Identified the +9 shortbow "Transmigrator" {vorpal, rF+
                  | Str+2 Int+4}
  2007 | D:2      | 2007 ||| Stepping ~*~*~tactically~*~*~ (stealth).
  2012 | D:2      | Reached skill level 5 in Axes
  2015 | D:2      | 2015 ||| Stepping ~*~*~tactically~*~*~ (stealth).
  2016 | D:2      | 2016 ||| Stepping ~*~*~tactically~*~*~ (stealth).
  2018 | D:2      | 2018 ||| Stepping ~*~*~tactically~*~*~ (hiding).
  2026 | D:2      | 2026 ||| Stepping ~*~*~tactically~*~*~ (stealth).
  2071 | D:2      | HP: 6/26 [poisoned by an adder]
  2468 | D:2      | 2468 ||| DROPPING +0 club.
  2490 | D:2      | Gained mutation: Your magical nature lets you fly swiftly
                  | and evasively. [Tengu growth]
  2490 | D:2      | Reached XP level 5. HP: 27/30 MP: 9/9
  2830 | D:2      | 2830 ||| Stepping ~*~*~tactically~*~*~ (stealth).
  2840 | D:2      | Identified the ring "Ciukiur" {rF+ SInv}
  2954 | D:2      | 2954 ||| Stepping ~*~*~tactically~*~*~ (stealth).
  2955 | D:2      | 2955 ||| Stepping ~*~*~tactically~*~*~ (stealth).
  2964 | D:2      | 2964 ||| Stepping ~*~*~tactically~*~*~ (stealth).
  3095 | D:2      | 3095 ||| UPGRADING to ring "Ciukiur" {rF+ SInv}.
  3096 | D:2      | 3096 ||| READING scroll labelled PERHUO ISSUNU.
  3408 | D:3      | Noticed an ice beast
  3422 | D:3      | Killed an ice beast
  3423 | D:3      | Reached skill level 6 in Axes
  3423 | D:3      | Reached XP level 6. HP: 29/35 MP: 10/10
  3488 | D:3      | 3488 ||| Stepping ~*~*~tactically~*~*~ (hiding).
  3490 | D:3      | 3490 ||| Stepping ~*~*~tactically~*~*~ (hiding).
  3516 | D:3      | HP: 8/35 [orc wizard/+0 dagger (3)]
  3517 | D:3      | 3517 ||| READING 2 scrolls of teleportation.
  3518 | D:3      | HP: 1/35 [gnoll/+0 flail (7)]
  3519 | D:3      | Slain by a gnoll

Levels and vault maps discovered:
D:1:      minmay_arrival_jagged, layout_loops_ring,
          hellmonk_ecumenical_altar_pennies_from_heaven,
          minmay_misc_feat_plants, minivault_24
D:2:      layout_basic
D:3:      layout_loops_ring, minivault_11, st_stairs_9, columned_hall_lemuel

Skill      XL: |  1  2  3  4  5 |
---------------+----------------+-----
Axes           | 3 4 5 6 |  6.9
Fighting       | |  2.0
Throwing       | |  1.0
Armour         | |  1.1
Dodging        | |  2.1
Spellcasting   | |  2.0
Translocations | |  2.4

Action                   |  1- 3 |  4- 6 || total
-------------------------+-------+-------++-------
Melee: Hand axe          |    72 |   115 ||   187
       Kick              |    18 |    34 ||    52
       Peck              |     8 |    12 ||    20
Throw: Boomerang         |     7 |       ||     7
  Use: Scroll            |     3 |     2 ||     5
       Potion            |     1 |       ||     1
Armor: Leather armour    |    21 |       ||    21
       Ring mail         |     3 |    34 ||    37
Dodge: Dodged            |    67 |    64 ||   131

Table legend:
 A = Non-vault XP
 B = Vault XP
 C = Vault XP percentage of total XP
 D = Non-vault monster count
 E = Vault monster count
 F = Vault count percentage of total count
                 A         B        C        D         E       F
            +---------+---------+-------+---------+---------+-------
      Total |     373 |       2 |   0.5 |      76 |       1 |   1.3
            +---------+---------+-------+---------+---------+-------
        D:1 |      81 |       0 |   0.0 |      37 |       0 |   0.0
        D:2 |     104 |       0 |   0.0 |      29 |       0 |   0.0
        D:3 |     188 |       2 |   1.1 |      10 |       1 |   9.1
            +---------+---------+-------+---------+---------+-------
